 Dungeon Crawl Stone Soup version 0.27.1-33-g824d729ab1 (webtiles) character file.

Game seed: 4032756442705082384

23 Nixze the Chiller (level 2, -1/21 HPs)
             Began as a Demonspawn Ice Elementalist on Dec 16, 2021.
             Slain by a worm (8 damage)
             ... on level 2 of the Dungeon.
             The game lasted 00:04:58 (1288 turns).

Nixze the Chiller (Demonspawn Ice Elementalist)     Turns: 1288, Time: 00:04:59

Health: -1/21      AC:  3    Str:  8    XL:     2   Next: 75%
Magic:  0/5        EV: 12    Int: 16    God:
Gold:   60         SH:  0    Dex: 13    Spells: 4/5 levels left

rFire    . . .     SeeInvis .   f - +0 dagger
rCold    . . .     Faith    .   (no shield)
rNeg     . . .     Spirit   .   a - +0 robe
rPois    .         Reflect  .   (no helmet)
rElec    .         Harm     .   j - +0 cloak
rCorr    .         Rampage  .   (no gloves)
Will     .....                  (no boots)
Stlth    ++........             b - amulet of the acrobat
HPRegen  0.07/turn              (no ring)
MPRegen  0.09/turn              (no ring)

@: no status effects
A: powered by death 1
a: no special abilities


You were on level 2 of the Dungeon.
You visited 1 branch of the dungeon, and saw 2 of its levels.

You collected 60 gold pieces.

Inventory:

Hand Weapons
 f - a +0 dagger (weapon)
Missiles
 g - 4 boomerangs (quivered)
 h - 52 stones
Armour
 a - a +0 robe (worn)
 j - a +0 cloak (worn)
Jewellery
 b - an amulet of the acrobat (around neck)
Scrolls
 c - a scroll of immolation {unknown}
 d - 3 scrolls of teleportation {unknown}
 i - a scroll of enchant armour {unknown}
Potions
 e - a potion of brilliance {unknown}


   Skills:
 + Level 1.3 Fighting
 - Level 2.0 Dodging
 - Level 2.0 Stealth
 - Level 2.0 Spellcasting
 - Level 4.0 Ice Magic


You had 4 spell levels left.
You knew the following spells:

 Your Spells              Type           Power      Damage    Failure   Level
a - Freeze                Ice            56%        1d7       4%          1

Your spell library contained the following spells:

 Spells                   Type           Power      Damage    Failure   Level
 Frozen Ramparts          Ice            28%        1d4       12%         3
 Ozocubu's Armour         Ice            14%        N/A       12%         3
 Hailstorm                Conj/Ice       8%         3d4       65%         4


Dungeon Overview and Level Annotations

Branches:
Dungeon (2/15)

Altars:

Shops:
D:1 [:(*!


Innate Abilities, Weirdness & Mutations

You regenerate a little health from kills.


Message History

Aim: a worm (moderately wounded)
You freeze the worm!
The worm is heavily wounded.
Casting: Freeze (safe; 4% risk of failure)
Confirm with . or Enter, or press ? or * to list all spells.
Aiming: Freeze (safe; 4% risk of failure)
Press: ? - help, Shift-Dir - straight line, f/p - worm
Aim: a worm (heavily wounded)
You freeze the worm.
The worm is severely wounded.
The worm bites you!
* * * LOW HITPOINT WARNING * * *
Casting: Freeze (safe; 4% risk of failure)
Confirm with . or Enter, or press ? or * to list all spells.
Aiming: Freeze (safe; 4% risk of failure)
Press: ? - help, Shift-Dir - straight line, f/p - worm
Aim: a worm (severely wounded)
You freeze the worm.
The worm is severely wounded.
You are too injured to fight recklessly!
Unknown command.
Throw: 4 boomerangs
Press: ? - help, Q - select action, (/) - cycle Shift-Dir - straight line, f/p - worm
Aim: a worm (severely wounded, 76% to hit)
You throw a boomerang. The boomerang hits the worm.
The worm is severely wounded.
Throw: 4 boomerangs
Press: ? - help, Q - select action, (/) - cycle Shift-Dir - straight line, f/p - worm
Aim: a worm (severely wounded, 76% to hit)
You throw a boomerang. The boomerang hits the worm.
The worm is severely wounded.
Casting: Freeze (safe; 4% risk of failure)
Confirm with . or Enter, or press ? or * to list all spells.
Aiming: Freeze (safe; 4% risk of failure)
Press: ? - help, Shift-Dir - straight line, f/p - worm
Aim: a worm (severely wounded)
You freeze the worm.
The worm is almost dead.
The worm bites you!
You die...

##.##################
## #.#....# #. #.#....#
#. #.#....# #. #.#..>.#
##########. #.#....#
#........'†
#.#....######.########.
#.#....................
#.'...@w....#..........
###....####.###########
##+####.......... #.#
#.#.#####.. #.# #.#...
#.# #.#.#.# #.# #.#.#.#
#.####.#.# # #.†....#.#


You could see a worm.

Vanquished Creatures
  2 ball pythons
  2 endoplasms (D:1)
  A giant cockroach (D:2)
  3 goblins (D:1)
  2 hobgoblins (D:1)
  2 jackals (D:2)
  2 kobolds (D:1)
  3 bats (D:1)
  A frilled lizard (D:2)
  2 rats (D:1)
20 creatures vanquished.

Notes
Turn   | Place    | Note
-------+----------+-------------------------------------------
     0 | D:1      | Nixze the Demonspawn Ice Elementalist began the quest for
                  | the Orb.
     0 | D:1      | Reached XP level 1. HP: 13/13 MP: 3/3
   113 | D:1      | Found Hoam's Weapon Shop.
   123 | D:1      | Found Sugh's Assorted Antiques.
   208 | D:1      | Found Loreusk's Distillery.
   417 | D:1      | Reached skill level 4 in Ice Magic
   456 | D:1      | Gained mutation: You regenerate a little health from kills.
                  | [demonic ancestry]
   456 | D:1      | Reached XP level 2. HP: 16/19 MP: 1/5
   503 | D:1      | Found Enuewk's Book Boutique.
   700 | D:1      | Found Cideabb's Armour Boutique.
  1031 | D:2      | Reached skill level 1 in Fighting
  1288 | D:2      | Slain by a worm

Illustrated notes

Levels and vault maps discovered:
D:1:      dpeg_arrival_castle, layout_basic, serial_shops,
          nicolae_shop_waterfront, shop, nicolae_diamond_shop, shop_fountains,
          shop, bh_walls_and_bars
D:2:      layout_basic, moated_statue, minmay_circle_x, uniq_robin, uniq_natasha

Skill      XL: |  1  2 |
---------------+-------+-----
Ice Magic      | 4 |  4.0
Stealth        | 2 |  2.0
Dodging        | 2 |  2.0
Fighting       | 1 |  1.3
Spellcasting   | |  2.0

Action                   || total
-------------------------++-------
Melee: Unarmed           ||     2
       Short sword       ||     1
Throw: Boomerang         ||    29
 Cast: Freeze            ||    31
Armor: Robe              ||     2
Dodge: Dodged            ||    23
